 Dungeon Crawl Stone Soup version 0.31-a0-986-g5e6e4ef867 (webtiles) character file.

Game seed: 17811207488984852372

100 BorisBritva the Chopper (level 4, -7/37 HPs)
             Began as a Demonspawn Berserker on Nov 3, 2023.
             Was a Believer of Trog.
             Mangled by Terence
             ... wielding a +1 hand axe of pain
              (11 damage)
             ... on level 2 of the Dungeon.
             The game lasted 00:06:04 (1384 turns).

BorisBritva the Chopper (Demonspawn Berserker)      Turns: 1384, Time: 00:06:04

Health: -7/37      AC:  2    Str: 20    XL:     4   Next: 47%
Magic:  4/4        EV: 12    Int:  8    God:    Trog [**....]
Gold:   19         SH:  0    Dex: 12    Spells: 3/3 levels left

rFire   . . .        a - +0 hand axe
rCold   . . .        (no shield)
rNeg    . . .        b - +0 animal skin
rPois   .            (no helmet)
rElec   .            (no cloak)
rCorr   .            (no gloves)
SInv    .            (no boots)
Will    .....        (no amulet)
Stlth   +            (no ring)
HPRegen 0.26/turn    (no ring)
MPRegen 0.09/turn

%: no passive effects
@: no status effects
A: hooves 1, foul stench 1
a: Renounce Religion, Berserk, Trog's Hand


You were on level 2 of the Dungeon.
You worshipped Trog.
Trog was pleased with you.
You visited 1 branch of the dungeon, and saw 2 of its levels.

You collected 19 gold pieces.

Inventory:

Hand Weapons
 a - a +0 hand axe (weapon)
Armour
 b - a +0 animal skin (worn)
Scrolls
 c - a scroll of teleportation
 e - a scroll of noise {unknown}
 g - 2 scrolls of poison {unknown}
 i - 2 scrolls of blinking {unknown}
Potions
 d - a potion of curing {unknown}
 h - a potion of attraction {unknown}


   Skills:
 + Level 3.7 Fighting
 + Level 3.8 Axes
 + Level 1.9 Armour
 + Level 2.5 Dodging


You had 3 spell levels left.
You didn't know any spells.
Your spell library was empty.

Dungeon Overview and Level Annotations

Branches:
Dungeon (2/15)

Altars:

Annotations:
D:2 Terence


Innate Abilities, Weirdness & Mutations

You have large cloven feet.
You may rarely emit foul miasma when damaged in melee.


Message History

You hit Terence but do no damage.
Terence is heavily wounded.
Terence hits you with a +1 hand axe of pain.
* * * LOW HITPOINT WARNING * * *
You writhe in agony.
* * * LOW HITPOINT WARNING * * *
You feel much better. Terence barely misses you.
You closely miss Terence.
Terence is heavily wounded.
Terence hits you with a +1 hand axe of pain.
You barely miss Terence.
Terence is heavily wounded.
Terence misses you.
You hit Terence.
Terence is severely wounded.
Terence hits you with a +1 hand axe of pain!
You closely miss Terence. Your kick misses Terence.
Terence is severely wounded.
Terence barely misses you.
You hit Terence. Your kick misses Terence.
Terence is severely wounded.
Terence hits you with a +1 hand axe of pain.
Terence barely misses you.
You hit Terence.
Terence is severely wounded.
Terence hits you with a +1 hand axe of pain!
* * * LOW HITPOINT WARNING * * *
You writhe in agony.
* * * LOW HITPOINT WARNING * * *
You closely miss Terence. Your kick misses Terence.
Terence is severely wounded.
Terence misses you.
You hit Terence but do no damage.
Terence is severely wounded.
Terence hits you with a +1 hand axe of pain.
* * * LOW HITPOINT WARNING * * *
You hit Terence but do no damage. Your kick misses Terence.
Terence is severely wounded.
Terence hits you with a +1 hand axe of pain!
You die...

.........................># #.#
###........####...###.#.#.# #.#
#..:...##### #.......###.# #.#
.......# #...#.#####.# #.#
.......# #.........### #.#
#......#########..#.##### #.#
#......#.......#..#.#########.#
#......#?......#.##...........#
#......#...?...#@##############
#......#.....@.#@###
########.......#.#.# #
.......'...# # .......#...#
.......###.# ....... #.#
....... ### ####+##


You could see Terence.

Vanquished Creatures
  Jessica (D:2)
  Robin (D:2)
  An adder (D:2)
  A worm (D:2)
  5 ball pythons
  3 endoplasms
  2 giant cockroaches
  4 hobgoblins
  7 jackals (D:2)
  6 kobolds
  A quokka (D:2)
  5 bats
  A frilled lizard (D:2)
  8 goblins
  2 rats
48 creatures vanquished.

Notes
Turn   | Place    | Note
-------+----------+-------------------------------------------
     0 | D:1      | BorisBritva the Demonspawn Berserker began the quest for
                  | the Orb.
     0 | D:1      | Reached XP level 1. HP: 18/18 MP: 1/1
   289 | D:1      | Gained mutation: You may rarely emit foul miasma when
                  | damaged in melee. [demonic ancestry]
   289 | D:1      | Reached XP level 2. HP: 23/24 MP: 2/2
   820 | D:2      | Reached ** piety under Trog
   832 | D:2      | Noticed Robin
   844 | D:2      | Killed Robin
   845 | D:2      | Discovered your monstrous ancestry.
   845 | D:2      | Gained mutation: You have large cloven feet. [demonic
                  | ancestry]
   845 | D:2      | Reached XP level 3. HP: 28/29 MP: 3/3
  1095 | D:2      | Found a faded altar of an unknown god.
  1159 | D:2      | Noticed Jessica
  1180 | D:2      | Reached XP level 4. HP: 31/35 MP: 4/4
  1184 | D:2      | Killed Jessica
  1355 | D:2      | Noticed Terence
  1384 | D:2      | Mangled by Terence

Illustrated notes

Levels and vault maps discovered:
D:1:      dpeg_arrival_long_road, layout_loops_ring
D:2:      layout_basic, hellmonk_ecumenical_altar_dog_temple, uniq_jessica,
          uniq_terence, uniq_robin

Skill      XL: |  1  2 |
---------------+-------+-----
Axes           | 3 |  3.8
Dodging        | 2 |  2.5
Fighting       | |  3.7
Armour         | |  1.9

Action                     |  1- 3 |  4- 6 || total
---------------------------+-------+-------++-------
  Melee: Hand axe          |   113 |    33 ||   146
         Kick              |    15 |     6 ||    21
         Punch             |     2 |       ||     2
 Invoke: Berserk           |     1 |       ||     1
    Use: Scroll            |     2 |       ||     2
         Potion            |       |     1 ||     1
 Armour: Animal skin       |    54 |    25 ||    79
  Dodge: Dodged            |    69 |    16 ||    85

Table legend: (Time is in decaauts)
 A = Elapsed time spent in this place.
 B = Non-inter-level travel time spent in this place.
 C = Inter-level travel time spent in this place.
 D = Time resting spent in this place.
 E = Time spent auto-exploring this place.
 F = Levels seen in this place.
 G = Mean time per level.
                   A        B        C        D        E       F      G
               +--------+--------+--------+--------+--------+-----+--------+
         Total |   1412 |   1412 |      0 |      0 |   1070 |   2 |  706.0 |
       Dungeon |   1412 |   1412 |      0 |      0 |   1070 |   2 |  706.0 |
               +--------+--------+--------+--------+--------+-----+--------+

Top non-repeatable levels by time:
     D:1: 803 daAuts
     D:2: 609 daAuts
